 Dungeon Sprint DCSS version 0.30-a0-715-gdb4ae3ece1 (webtiles) character file.

Game seed: 8702513718881513655

6129 wvc the Fighter (level 10, -1/114 HPs)
             Began as a Naga Gladiator on Jan 24, 2023.
             Was the Champion of Cheibriados.
             Slain by a boulder beetle (32 damage)
             ... in the Dungeon (Sprint IX: "|||||||||||||||||||||||||||||").
             The game lasted 00:04:56 (959 turns).

wvc the Fighter (Naga Gladiator)                     Turns: 959, Time: 00:04:57

Health: -1/114     AC: 18    Str: 34    XL:     10   Next: 89%
Magic:  15/15      EV: 20    Int: 23    God:    Cheibriados [******]
Gold:   23         SH:  0    Dex: 33    Spells: 9/9 levels left

rFire   . . .      SeeInvis +    o - +2 morningstar (protect)
rCold   . . .      Faith    .    (no shield)
rNeg    . . .      Spirit   .    a - +0 acid dragon scales
rPois   +          Reflect  .    c - +0 helmet
rElec   .          Harm     .    (no cloak)
rCorr   +          Rampage  .    r - +0 pair of gloves
Will    +....      NoTele   +    (no barding)
Stlth   ++                       (no amulet)
HPRegen 0.39/turn                b - +3 ring of strength
MPRegen 0.14/turn                (no ring)

@: under a protective aura, very slow
A: AC +3, large, see invisible, deformed body, poison resistance, slowness 2,
spit poison 1, naga tail 1
a: Spit Poison, Renounce Religion, Bend Time, Temporal Distortion, Slouch, Step
From Time


You were in the Dungeon.
You worshipped Cheibriados.
Cheibriados was exalted by your worship.
You visited 1 branch You collected 23 gold pieces.

Inventory:

Hand Weapons
 o - a +2 morningstar of protection (weapon)
 p - a +2 rapier of distortion
 q - a +2 scimitar of flaming
Missiles
 d - a throwing net (quivered)
 e - a javelin
Armour
 a - +0 acid dragon scales (worn)
 c - a +0 helmet (worn)
 r - a +0 pair of gloves (worn)
 s - a +1 chain mail
Jewellery
 b - a +3 ring of strength (left hand)
 t - a +3 ring of intelligence
Wands
 n - a wand of roots (10)
Scrolls
 k - 3 scrolls of blinking
 m - 2 scrolls of amnesia
 v - 2 scrolls of identify
 w - 2 scrolls of enchant armour
 x - a scroll of fog
Potions
 f - 6 potions of curing
 g - 5 potions of heal wounds
 h - a potion of haste
 i - 4 potions of magic
 j - 3 potions of berserk rage
 l - a potion of invisibility
 u - a potion of resistance


   Skills:
 * Level 14.3 Fighting
 - Level 14.0 Maces & Flails
 - Level 1.7 Throwing
 + Level 8.9 Armour
 + Level 9.4 Dodging
 * Level 7.8 Invocations


You had 9 spell levels left.
You didn't know any spells.
Your spell library was empty.

Dungeon Overview and Level Annotations

Branches:
Dungeon (1/1)

Altars:
Cheibriados
Dithmenos
Elyvilon
Fedhas
Gozag
Hepliaklqana
Kikubaaqudgha
Makhleb
Nemelex Xobeh
Okawaru
Qazlal
Ru
Sif Muna
Trog
Uskayaw
Vehumet
Wu Jian
Xom
Yredelemnul
Zin
The Shining One
Jiyva
Lugonu


Innate Abilities, Weirdness & Mutations

Your serpentine skin is tough. (AC +3)
You have supernaturally acute eyesight. (SInv)
Armour fits poorly on your strangely shaped body.
Your system is resistant to poisons. (rPois)
You cover ground very slowly.
You can spit poison.
You have a snake-like lower body.


Message History

The eight-headed hydra barely misses you.
The eight-headed hydra completely misses you.
The eight-headed hydra bites you.
The eight-headed hydra bites you but does no damage. x2
The eight-headed hydra bites you.
You hit the eight-headed hydra.
The eight-headed hydra is almost dead.
The eight-headed hydra bites you but does no damage.
The eight-headed hydra misses you.
The eight-headed hydra barely misses you.
The eight-headed hydra completely misses you. x3
The eight-headed hydra bites you! The eight-headed hydra misses you.
You thump the eight-headed hydra!
You kill the eight-headed hydra!
Cheibriados thoroughly appreciates the change of pace.
Your Fighting skill increases to level 14!
You impale the yak!!
The yak is severely wounded.
The boulder beetle curls into a ball and begins rolling!
You sock the yak!
The yak is almost dead.
The yak misses you.
You bludgeon the yak!!
You kill the yak!
Cheibriados appreciates the change of pace.
The boulder beetle stops rolling and uncurls.
You sock the yak!
The yak is moderately wounded.
The boulder beetle curls into a ball and begins rolling!
The yak gores you!
* * * LOW HITPOINT WARNING * * *
You impale the yak!!
The yak is almost dead.
The yak completely misses you.
You bludgeon the yak!!
You kill the yak!
Cheibriados thoroughly appreciates the change of pace.
You hit the boulder beetle but do no damage.
The boulder beetle hits you!!
You die...

▓_▓.▓.▓
▓_▓.▓.▓
▓_▓.▓.▓
▓_▓.▓.▓
▓_▓.▓.▓
▓_▓.▓.▓
▓_▓.▓.▓
▓_▓.▓.▓
▓_▓.▓@▓
▓_▓.▓B▓
▓_▓.▓°▓
▓_▓.▓°▓
▓_▓.▓.▓
▓_▓.▓.▓
▓_▓.▓.▓
▓_▓.▓.▓
▓_▓.▓


You could see a boulder beetle (rolling).

Vanquished Creatures
  A hydra (D)
  A centaur warrior (D)
  A death yak (D)
  A cyclops (D)
  A black mamba (D)
  2 cane toads (D)
  3 komodo dragons (D)
  A spriggan (shapeshifter) (D)
  6 yaks (D)
  2 wraiths (D)
  A wyvern (D)
  A basilisk (D)
  An acid dragon (D)
  A wolf (D)
  2 ogres (D)
  5 bullfrogs (D)
  An orc wizard (D)
  An adder (D)
  2 ufetubi (D)
  An endoplasm (D)
  A goblin (D)
  A quokka (D)
  2 bats (D)
39 creatures vanquished.

Notes
Turn   | Place    | Note
-------+----------+-------------------------------------------
     0 | D        | wvc the Naga Gladiator began the quest for the Orb.
     0 | D        | Reached XP level 1. HP: 19/19 MP: 1/1
    65 | D        | Noticed an ogre
    65 | D        | Noticed an ogre
    75 | D        | Killed an ogre
    76 | D        | Reached XP level 2. HP: 26/26 MP: 2/2
    76 | D        | Reached XP level 3. HP: 32/32 MP: 3/3
    76 | D        | Reached XP level 4. HP: 39/39 MP: 4/4
   101 | D        | Killed an ogre
   102 | D        | Reached XP level 5. HP: 26/45 MP: 5/5
   168 | D        | Found a snail-covered altar of Cheibriados.
   168 | D        | Found a shadowy altar of Dithmenos.
   168 | D        | Found a white marble altar of Elyvilon.
   168 | D        | Found a blossoming altar of Fedhas.
   168 | D        | Found an opulent altar of Gozag.
   169 | D        | Found a hazy altar of Hepliaklqana.
   170 | D        | Found a viscous altar of Jiyva.
   171 | D        | Found an ancient bone altar of Kikubaaqudgha.
   172 | D        | Found a corrupted altar of Lugonu.
   174 | D        | Became a worshipper of Cheibriados the Contemplative
   176 | D        | Found a burning altar of Makhleb.
   177 | D        | Found a sparkling altar of Nemelex Xobeh.
   180 | D        | Found an iron altar of Okawaru.
   181 | D        | Found a stormy altar of Qazlal.
   182 | D        | Found a sacrificial altar of Ru.
   183 | D        | Found a shimmering blue altar of Sif Muna.
   184 | D        | Found a bloodstained altar of Trog.
   185 | D        | Found a hide-covered altar of Uskayaw.
   186 | D        | Found a radiant altar of Vehumet.
   187 | D        | Found an ornate altar of the Wu Jian Council.
   188 | D        | Found a shimmering altar of Xom.
   189 | D        | Found a basalt altar of Yredelemnul.
   190 | D        | Found a glowing silver altar of Zin.
   191 | D        | Found a glowing golden altar of the Shining One.
   237 | D        | Noticed a yak
   237 | D        | Noticed a wraith
   237 | D        | Noticed a wraith
   237 | D        | Noticed a yak
   237 | D        | Noticed a yak
   237 | D        | Noticed a wyvern
   242 | D        | Killed a yak
   243 | D        | Reached XP level 6. HP: 40/52 MP: 6/6
   248 | D        | Killed a wraith
   249 | D        | Reached skill level 1 in Armour
   249 | D        | Reached XP level 7. HP: 34/63 MP: 7/7
   253 | D        | Killed a wraith
   253 | D        | Reached * piety under Cheibriados
   254 | D        | Reached skill level 5 in Fighting
   260 | D        | Killed a yak
   261 | D        | Reached skill level 5 in Dodging
   269 | D        | Killed a yak
   269 | D        | Reached ** piety under Cheibriados
   270 | D        | Reached XP level 8. HP: 27/78 MP: 8/8
   272 | D        | Killed a wyvern
   432 | D        | Noticed a cyclops
   432 | D        | Noticed a centaur warrior
   432 | D        | Noticed a troll
   439 | D        | Killed a cyclops
   439 | D        | Reached *** piety under Cheibriados
   440 | D        | Reached skill level 5 in Armour
   440 | D        | a troll changed into a queen bee
   440 | D        | Noticed a queen bee (shapeshifter)
   442 | D        | a queen bee changed into a spriggan
   442 | D        | Noticed a spriggan (shapeshifter)
   445 | D        | Killed a centaur warrior
   446 | D        | Reached XP level 9. HP: 32/93 MP: 9/9
   453 | D        | Reached skill level 10 in Fighting
   460 | D        | Reached **** piety under Cheibriados
   460 | D        | HP: 3/94 [acid dragon/splash of acid (26)]
   848 | D        | Noticed a cane toad
   850 | D        | Reached ***** piety under Cheibriados
   853 | D        | Noticed a komodo dragon
   862 | D        | Killed a cane toad
   864 | D        | Noticed a black mamba
   871 | D        | Killed a komodo dragon
   871 | D        | Reached ****** piety under Cheibriados
   872 | D        | Reached XP level 10. HP: 106/106 MP: 10/13
   879 | D        | Killed a black mamba
   880 | D        | Reached skill level 5 in Invocations
   918 | D        | Noticed a cane toad
   918 | D        | Noticed a death yak
   920 | D        | Noticed an eight-headed hydra
   931 | D        | Killed a death yak
   938 | D        | Killed a cane toad
   939 | D        | Noticed a boulder beetle
   952 | D        | Killed an eight-headed hydra
   959 | D        | Slain by a boulder beetle

Illustrated notes

Levels and vault maps discovered:
D:        linesprint [early_d, line_temple, items_1, d_10, items_2, lair_1,
          lair_end, items_3, orc_1, orc_end, items_4, d_15, swamp_1, shoals_1,
          snake_1, spider_1, d_20, vaults_1, items_5, swamp_end, shoals_end,
          snake_end, spider_end, vaults_end, d_27, items_6, zot_1, zot_end,
          crypt_end, forest_end, elf_end, slime_end, tomb_end, abyss_end,
          pan_hell_end]

Skill      XL: |  1  2  3  4  5  6  7  8  9 10 |
---------------+-------------------------------+-----
Maces & Flails | 9 11 13 14 | 14.0
Fighting       | 3 6 9 12 14 | 14.3
Armour         | 1 4 6 7 8 |  8.9
Dodging        | 3 5 7 8 9 |  9.4
Invocations    | 4 7 |  7.8
Throwing       | |  1.7

Action                     |  1- 3 |  4- 6 |  7- 9 | 10-12 || total
---------------------------+-------+-------+-------+-------++-------
  Melee: Flail             |    22 |    24 |       |       ||    46
         Punch             |     1 |     1 |       |     1 ||     3
         Morningstar       |       |    11 |    74 |    47 ||   132
  Throw: Throwing net      |     2 |     1 |       |       ||     3
Ability: Spit Poison       |       |     1 |     4 |     2 ||     7
   Stab: Held in net/web   |     1 |       |       |       ||     1
         Petrifying        |       |       |     2 |       ||     2
 Armour: Leather armour    |     1 |     2 |       |       ||     3
         Chain mail        |       |     3 |    26 |       ||    29
         Acid dragon scale |       |       |     7 |    21 ||    28
  Dodge: Dodged            |     9 |    13 |    31 |    45 ||    98

Table legend: (Time is in decaauts)
 A = Elapsed time spent in this place.
 B = Non-inter-level travel time spent in this place.
 C = Inter-level travel time spent in this place.
 D = Time resting spent in this place.
 E = Time spent auto-exploring this place.
 F = Levels seen in this place.
 G = Mean time per level.
                   A        B        C        D        E       F      G
               +--------+--------+--------+--------+--------+-----+--------+
         Total |   1150 |   1150 |      0 |    507 |    259 |   1 | 1150.0 |
       Dungeon |   1150 |   1150 |      0 |    507 |    259 |   1 | 1150.0 |
               +--------+--------+--------+--------+--------+-----+--------+

Top non-repeatable levels by time:
       D: 1150 daAuts
